 Dungeon Crawl Stone Soup version 0.21.0-3-g78d12a8 (webtiles) character file.

117 Ignatius881 the Magician (level 4, -7/24 HPs)
             Began as a Deep Elf Wizard on Jan 11, 2018.
             Was an Initiate of Sif Muna.
             Mangled by Crazy Yiuf
             ... wielding a +3 quarterstaff of chaos
              (14 damage)
             ... on level 3 of the Dungeon.
             The game lasted 00:07:03 (3596 turns).

Ignatius881 the Magician (Deep Elf Wizard)          Turns: 3596, Time: 00:07:03

Health: -7/24      AC:  3    Str:  4    XL:     4   Next: 71%
Magic:  8/15       EV: 13    Int: 24    God:    Sif Muna [......]
Gold:   115        SH:  0    Dex: 13    Spells: 13/18 levels left

rFire    . . .     SeeInvis .   (no weapon)
rCold    . . .     Gourm    .   (no shield)
rNeg     . . .     Faith    .   a - +0 robe
rPois    .         Spirit   .   b - +0 hat
rElec    .         Reflect  .   (no cloak)
rCorr    .         Harm     .   o - +0 pair of gloves
MR       +....                  (no boots)
Stlth    ++........             (no amulet)
HPRegen  0.08/turn              l - ring of protection from magic
MPRegen  0.14/turn              (no ring)

@: very slightly contaminated, hasted, very quick
A: no striking features
a: Renounce Religion


You were on level 3 of the Dungeon.
You worshipped Sif Muna.
Sif Muna was noncommittal.
You were not hungry.

You visited 1 branch of the dungeon, and saw 3 of its levels.

You collected 115 gold pieces.

Inventory:

Armour
 a - a +0 robe (worn)
 b - a +0 hat (worn)
 o - a +0 pair of gloves (worn)
   (You found it on level 2 of the Dungeon)
Jewellery
 l - a ring of protection from magic (left hand)
   (You found it on level 1 of the Dungeon)
Wands
 d - a wand of iceblast (8)
   (You took it off Ijyb on level 3 of the Dungeon)
Scrolls
 f - a scroll of enchant weapon {unknown}
 j - a scroll of remove curse {@r2}
 p - 2 scrolls of teleportation {unknown}
 q - a scroll of noise {unknown}
 r - 4 scrolls of identify {unknown}
 u - a scroll of random uselessness {unknown}
Potions
 g - 2 potions of brilliance {unknown}
 h - a potion of heal wounds {@q2}
 i - 2 potions of lignification {unknown}
 k - a potion of mutation {unknown}
 m - a potion of might {unknown}
 n - a potion of curing {unknown}
 s - 3 potions of flight {unknown}
Books
 c - a book of Minor Magic
Comestibles
 e - 5 rations


   Skills:
 - Level 2.4 Dodging
 - Level 2.4 Stealth
 * Level 7.5 Spellcasting
 - Level 1.1 Conjurations
 - Level 1.1 Summonings
 - Level 1.1 Translocations


You had 13 spell levels left.
You knew the following spells:

 Your Spells              Type           Power        Failure   Level  Hunger
a - Magic Dart            Conj           ##..         4%          1    None
b - Blink                 Tloc           N/A          6%          2    None
c - Call Imp              Summ           ##......     6%          2    None


Dungeon Overview and Level Annotations

Branches:
Dungeon (3/15)

Altars:
Ru
Sif Muna

Annotations:
D:3 Crazy Yiuf


Message History

Aim: an adder (hasn't noticed you)
The magic dart hits the adder.
The adder hisses angrily.
Aim: an adder (moderately wounded)
The magic dart hits the adder.
The adder barely misses you.
Aim: an adder (heavily wounded)
The magic dart hits the adder.
The adder barely misses you. x2
Aim: an adder (heavily wounded)
The magic dart hits the adder.
The adder closely misses you.
Aim: an adder (heavily wounded)
The magic dart hits the adder.
The adder misses you.
Aim: an adder (severely wounded)
The magic dart hits the adder.
You kill the adder!
Sif Muna accepts your kill.
You butcher the adder corpse.
t - a chunk of flesh Eating a chunk of flesh.
You eat the chunk of flesh.
You see here a trident.
You start resting.
Partly explored, unopened runed door.
You open the door.
Crazy Yiuf the Enlightened comes into view.
He is wielding a quarterstaff of chaos.
Found a glowing mace.
Aim: Crazy Yiuf, wielding a quarterstaff of chaos and wearing a cloak (resting)
The magic dart hits Crazy Yiuf.
Aim: Crazy Yiuf, wielding a quarterstaff of chaos and wearing a cloak (lightly wounded)
The magic dart hits Crazy Yiuf.
Aim: Crazy Yiuf, wielding a quarterstaff of chaos and wearing a cloak (moderately wounded)
The magic dart hits Crazy Yiuf.
Aim: Crazy Yiuf, wielding a quarterstaff of chaos and wearing a cloak (moderately wounded)
The magic dart hits Crazy Yiuf.
Crazy Yiuf whimpers, "Key!"
Crazy Yiuf hits you with a quarterstaff of chaos!
You feel yourself speed up.
Aim: Crazy Yiuf, wielding a quarterstaff of chaos and wearing a cloak (heavily wounded)
The magic dart hits Crazy Yiuf.
Aim: Crazy Yiuf, wielding a quarterstaff of chaos and wearing a cloak (heavily wounded)
The magic dart hits Crazy Yiuf.
Crazy Yiuf hits you with a quarterstaff of chaos!
* * * LOW HITPOINT WARNING * * *
Aim: Crazy Yiuf, wielding a quarterstaff of chaos and wearing a cloak (severely wounded)
The magic dart hits Crazy Yiuf.
Aim: Crazy Yiuf, wielding a quarterstaff of chaos and wearing a cloak (almost dead)
You miscast Magic Dart.
You are very lightly contaminated with residual magic.
Nothing appears to happen.
Crazy Yiuf hits you with a quarterstaff of chaos!
Ouch! That really hurt!
You die...

#.#
#.##..####.#
#.#
#######....#
#.# #....#
#.# #####
####)# #.#
#..)# #.#
#.# #...#
#.# ## #.#
...
####.######.
#.###### #g#
#...........
#...)..#
♣♣@♣
####.######.
######.#
♣.♣♣ #....#
##.> #.#
♣♣.♣ ######
#... #.#
♣.♣♣ #...
#.# ♣♣.♣♣
#########.##
#.# ♣...♣♣
#...........
#.# ♣....♣
#########.##
#.# #....#
#......
###.# ##..##
#.##.##


You could see Crazy Yiuf.

Vanquished Creatures
  4 adders
  A dart slug (D:1)
  3 leopard geckos
  6 bats
  2 giant cockroaches
  7 goblins
  7 hobgoblins
  6 jackals
  6 kobolds
  A quokka (D:3)
  A ball python (D:2)
  6 frilled lizards
  6 rats
56 creatures vanquished.

Vanquished Creatures (collateral kills)
  Ijyb (D:3)
  2 worms (D:2)
3 creatures vanquished.

Grand Total: 59 creatures vanquished

Notes
Turn   | Place    | Note
-------+----------+-------------------------------------------
     0 | D:1      | Ignatius881 the Deep Elf Wizard began the quest for the Orb.
     0 | D:1      | Reached XP level 1. HP: 10/10 MP: 7/7
   175 | D:1      | Reached skill level 5 in Spellcasting
   291 | D:1      | Reached XP level 2. HP: 15/15 MP: 5/10
   350 | D:1      | Learned a level 2 spell: Blink
   353 | D:1      | Learned a level 2 spell: Call Imp
  1616 | D:2      | Reached XP level 3. HP: 15/19 MP: 8/12
  1619 | D:2      | Reached skill level 6 in Spellcasting
  1771 | D:2      | Found a faded altar of an unknown god.
  2082 | D:2      | Reached XP level 4. HP: 14/24 MP: 5/14
  2526 | D:3      | Reached skill level 7 in Spellcasting
  2678 | D:3      | Found a sacrificial altar of Ru.
  3098 | D:3      | Noticed Ijyb
  3125 | D:3      | Killed Ijyb
  3351 | D:3      | Found a deep blue altar of Sif Muna.
  3357 | D:3      | Became a worshipper of Sif Muna the Loreminder
  3412 | D:3      | Found a runed door.
  3588 | D:3      | Noticed Crazy Yiuf
  3596 | D:3      | Mangled by Crazy Yiuf

Skill      XL: |  1  2  3  4 |
---------------+-------------+-----
Spellcasting   | 5 6 7 |  7.5
Dodging        | |  2.4
Stealth        | |  2.4
Conjurations   | |  1.1
Summonings     | |  1.1
Translocations | |  1.1

Action                   |  1- 3 |  4- 6 || total
-------------------------+-------+-------++-------
Melee: Unarmed           |       |     6 ||     6
 Cast: Magic Dart        |    93 |    75 ||   168
       Call Imp          |     1 |     5 ||     6
  Use: Scroll            |       |     1 ||     1
  Eat: Chunk             |     3 |     5 ||     8
Armor: Robe              |     4 |     5 ||     9
Dodge: Dodged            |    29 |    14 ||    43
